 Dungeon Crawl Stone Soup version 0.29.1-12-g30fa7ad0bf (webtiles) character file.

Game seed: 6182228963099740033

397 KittyFluff the Cudgeller (level 6, 0/39 HPs)
             Began as a Gargoyle Berserker on Dec 30, 2022.
             Was a Believer of Trog.
             Slain by a gnoll
             ... wielding a +0 spear
             ... led by a gnoll sergeant
              (4 damage)
             ... on level 4 of the Dungeon.
             The game lasted 00:18:53 (4077 turns).

KittyFluff the Cudgeller (Gargoyle Berserker)       Turns: 4077, Time: 00:18:56

Health: 0/39       AC: 10    Str: 20    XL:     6   Next: 83%
Magic:  6/6        EV: 12    Int:  8    God:    Trog [**....]
Gold:   235        SH:  0    Dex: 11    Spells: 5/5 levels left

rFire   . . .      SeeInvis .   e - +0 flail
rCold   . . .      Faith    .   (no shield)
rNeg    + . .      Spirit   .   b - +0 animal skin
rPois   ∞          Reflect  .   s - +0 helmet
rElec   +          Harm     .   q - +1 cloak
rCorr   .          Rampage  .   (no gloves)
Will    .....                   (no boots)
Stlth   ++........              (no amulet)
HPRegen 0.13/turn               (no ring)
MPRegen 0.10/turn               (no ring)

@: no status effects
A: sickness immunity, AC +4, negative energy resistance 1, electricity
resistance, torment resistance 1, petrification resistance
a: Renounce Religion, Berserk, Trog's Hand


You were on level 4 of the Dungeon.
You worshipped Trog.
Trog was pleased with you.
You visited 1 branch of the dungeon, and saw 4 of its levels.

You collected 235 gold pieces.

Inventory:

Hand Weapons
 a - a +0 mace
 e - a +0 flail (weapon)
 m - a +0 sling
Missiles
 g - 3 boomerangs
 h - 15 stones (quivered)
 j - 4 atropa-tipped darts
 u - 6 poisoned darts
 v - a throwing net
Armour
 b - a +0 animal skin (worn)
 q - a +1 cloak (worn)
 s - a +0 helmet (worn)
Scrolls
 c - 2 scrolls of blinking
 d - 2 scrolls of enchant armour
 f - 4 scrolls of teleportation
 t - 3 scrolls of fear {unknown}
 w - a scroll of amnesia {unknown}
Potions
 i - 2 potions of curing
 k - a potion of heal wounds
 l - a potion of mutation {unknown}
 n - a potion of might {unknown}
 o - a potion of lignification
 p - a potion of flight {unknown}
 r - 3 potions of degeneration {unknown}


   Skills:
 + Level 4.4 Fighting
 + Level 5.2 Maces & Flails
 + Level 0.5 Throwing
 * Level 3.6 Armour
 + Level 2.8 Dodging
 + Level 1.7 Stealth


You had 5 spell levels left.
You didn't know any spells.
Your spell library was empty.

Dungeon Overview and Level Annotations

Branches:
Dungeon (4/15)
 Temple: D:4-7

Altars:
Ru

Shops:
D:1 =   D:3 (


Innate Abilities, Weirdness & Mutations

You are immune to sickness and miasma.
Your stone body is resilient. (AC +4)
You are immune to poison.
You resist negative energy. (rN+)
You are resistant to electric shocks. (rElec)
You are resistant to unholy torment.
You are immune to petrification.


Message History

A gnoll is nearby!
Okay, then.
Items here: ))) ††.
The gnoll shouts!
Items here: ))) ††.
The gnoll closely misses you.
The gnoll sergeant shouts!
You sock the gnoll!
The gnoll is almost dead.
The gnoll misses you. The gnoll hits you but does no damage.
You hit the gnoll.
You kill the gnoll!
Trog accepts your kill.
Things that are here:
a +0 spear; a gnoll corpse
Items here: ))) ††.
The gnoll sergeant hits you with a +0 trident.
You completely miss the gnoll sergeant. The gnoll sergeant closely misses you.
The gnoll shouts!
You hit the gnoll sergeant but do no damage.
The gnoll sergeant barely misses you.
You hit the gnoll sergeant but do no damage.
The gnoll sergeant hits you with a +0 trident.
The gnoll sergeant blocks your attack.
The gnoll hits you from afar with a +0 spear.
The gnoll sergeant barely misses you. The gnoll sergeant blocks your attack.
The gnoll hits you from afar with a +0 spear.
The gnoll sergeant hits you with a +0 trident!
You hit the gnoll sergeant.
The gnoll sergeant is lightly wounded.
The gnoll barely misses you.
The gnoll sergeant completely misses you.
You barely miss the gnoll sergeant.
The gnoll sergeant is lightly wounded.
The gnoll barely misses you. The gnoll sergeant misses you.
The gnoll sergeant hits you with a +0 trident!
* * * LOW HITPOINT WARNING * * *
The gnoll hits you from afar with a +0 spear.
You die...

#. . #. .g####.
.g..... ....... .
..... ....#..#######
.......ggg@..#
........####.#
#.....##..# #.#
#.....###.# #.# #
#.....###.####.#
g#.##..............#
.........####.######
..# #...# #.#
.####...#####.#


You could see a gnoll sergeant and 2 gnolls.

Vanquished Creatures
  A black bear (D:4)
  An ogre (D:3)
  Natasha (twice) (D:4)
  An iguana (D:4)
  6 gnolls
  4 adders
  2 worms
  2 dart slugs
  3 endoplasms
  2 giant cockroaches
  2 goblins
  3 hobgoblins
  4 jackals (D:1)
  2 quokkas
  5 ball pythons
  4 bats
  4 frilled lizards (D:1)
  8 kobolds
  4 rats
60 creatures vanquished.

Notes
Turn   | Place    | Note
-------+----------+-------------------------------------------
     0 | D:1      | KittyFluff the Gargoyle Berserker began the quest for the
                  | Orb.
     0 | D:1      | Reached XP level 1. HP: 14/14 MP: 1/1
   554 | D:1      | Reached XP level 2. HP: 19/19 MP: 2/2
   928 | D:1      | Found Siareizi's Jewellery Emporium.
  1119 | D:1      | Reached XP level 3. HP: 23/24 MP: 3/3
  1733 | D:2      | Reached ** piety under Trog
  1790 | D:2      | Found a faded altar of an unknown god.
  1873 | D:2      | Reached XP level 4. HP: 26/29 MP: 4/4
  2671 | D:3      | Found Ylomugio's Weapon Shop.
  2676 | D:3      | Noticed an ogre
  2682 | D:3      | Killed an ogre
  2683 | D:3      | Reached skill level 4 in Maces & Flails
  2683 | D:3      | Reached skill level 1 in Stealth
  2683 | D:3      | Reached XP level 5. HP: 33/33 MP: 5/5
  2957 | D:3      | Found a sacrificial altar of Ru.
  3538 | D:4      | Noticed a black bear
  3558 | D:4      | Killed a black bear
  3559 | D:4      | Reached XP level 6. HP: 25/39 MP: 6/6
  3727 | D:4      | Noticed Natasha
  3736 | D:4      | Killed Natasha
  3816 | D:4      | Noticed Natasha
  3853 | D:4      | Killed Natasha
  3854 | D:4      | Reached skill level 5 in Maces & Flails
  4077 | D:4      | Slain by a gnoll

Illustrated notes

Levels and vault maps discovered:
D:1:      shiori_arrival_elements, layout_basic, serial_shops, shop,
          minmay_distorted
D:2:      layout_basic, dreamdust_ecumenical_altar_statues
D:3:      layout_basic, mainiacjoe_overflow_alcove_2, serial_shops,
          nicolae_shop_bloodbath_and_beyond, grunt_ministairs_1
D:4:      layout_basic, minmay_temple_entry_antechambers, ebering_ghost_sewer_d,
          uniq_natasha

Skill      XL: |  1  2  3  4  5  6 |
---------------+-------------------+-----
Dodging        | 2 |  2.8
Fighting       | 4 |  4.4
Maces & Flails | 4 5 |  5.2
Armour         | 3 |  3.6
Stealth        | 1 |  1.7
Throwing       | |  0.5

Action                   |  1- 3 |  4- 6 || total
-------------------------+-------+-------++-------
Melee: Mace              |    14 |       ||    14
       Flail             |   109 |   102 ||   211
       Punch             |       |     3 ||     3
Throw: Boomerang         |       |     2 ||     2
       Stone             |       |     9 ||     9
Invok: Berserk           |       |     2 ||     2
  Use: Scroll            |     1 |     5 ||     6
Armor: Animal skin       |    72 |    34 ||   106
Dodge: Dodged            |   110 |    77 ||   187
